 Dungeon Crawl Stone Soup version 0.31-a0-859-g9dce7d3444 (webtiles) character file.

Game seed: 15031839490665010792

1337 lunkers the Martial Artist (level 9, -1/94 (102) HPs)
             Began as a Meteoran Shapeshifter on Oct 9, 2023.
             Slain by a kobold
             ... wielding a +0 whip
              (2 damage)
             ... on level 6 of the Dungeon.
             The game lasted 00:07:17 (2382 turns).

lunkers the Martial Artist (Meteoran Shapeshifter)  Turns: 2382, Time: 00:07:18

HP:   -1/94 (102)   AC: 24    Str: 15    XL:     9   Next: 15%
MP:   10/10         EV:  2    Int: 11    God:
Gold: 466           SH:  0    Dex: 20    Spells: 8/8 levels left

rFire   . .          .
                       - Unarmed
rCold   . . .        (no shield)
rNeg    . . .        l - melded +0 ring mail
rPois   +            g - melded +2 helmet
rElec   .            (cloak currently unavailable)
rCorr   .            h - melded +0 pair of gloves
SInv    .            (boots currently unavailable)
Will    +....        (no amulet)
Stlth   +            (no ring)
HPRegen 0.35/turn    (no ring)
MPRegen 0.12/turn

%: no passive effects
@: lethally poisoned (-1 -> -1), tree-form, slowed, glowing, drained, very slow
A: stationary, stasis, torment immunity, boosted hp, sense surroundings 2,
otherworldly, glowing, explore regen
a: no special abilities


You were on level 6 of the Dungeon.
You were a tree.
You visited 1 branch of the dungeon, and saw 6 of its levels.
You also visited: Sewer and Ossuary.

You collected 466 gold pieces.

Inventory:

Armour
 a - a +1 animal skin
 g - a +2 helmet (melded)
 h - a +0 pair of gloves (melded)
 l - a +0 ring mail (melded)
Talismans
 c - a beast talisman
 d - a flux talisman
 r - a serpent talisman
Wands
 s - a wand of digging (8)
Scrolls
 f - 2 scrolls of torment
 j - a scroll of enchant weapon {unknown}
 k - a scroll of blinking
Potions
 e - 2 potions of heal wounds {unknown}
 i - 3 potions of curing {unknown}
 m - 2 potions of degeneration {unknown}
 o - 2 potions of might {unknown}
 u - a potion of magic {unknown}
 v - a potion of haste {unknown}


   Skills:
 + Level 2.8 Fighting
 + Level 3.4 Dodging
 * Level 10.0 Unarmed Combat
 + Level 7.1 Shapeshifting


You had 8 spell levels left.
You didn't know any spells.
Your spell library contained the following spells:

 Spells                   Type           Power      Damage    Failure   Level
 Slow                     Hex            0%         N/A       34%         1
 Inner Flame              Hex/Fire       0%         N/A       71%         3
 Flame Wave               Conj/Fire      0%         2d4       98%         4
 Sticky Flame             Conj/Fire      0%         2d3       98%         4


Dungeon Overview and Level Annotations

Branches:
Dungeon (6/15) Zot: 1559    Sewer (visited)         Ossuary (visited)
 Temple: D:4-7

Altars:
Elyvilon

Shops:
D:1 [   D:6 (

Annotations:
D:6 Edmund


Innate Abilities, Weirdness & Mutations

You are a tree.
Your roots penetrate the ground, keeping you stationary.
You cannot be teleported.
You are immune to unholy pain and torment.
Your maximum health is greatly increased.
Your equipment is partially melded.
You passively map the area around you.
You are easily found by Zot.
You glow in the dark.
You regain HP and MP as you explore.


Message History

You smack the kobold!
You kill the kobold!
You feel very sick. The adder bites you but does no damage.
The kobold hits you but does no damage. The adder bites you but does no damage.
You smack the kobold!
You kill the kobold!
You feel sick. The adder bites you.
* * * LOW HITPOINT WARNING * * *
The kobold hits you but does no damage. x2
The adder bites you but does no damage.
You barely miss the adder.
You feel sick. The kobold hits you but does no damage. The adder bites you.
* * * LOW HITPOINT WARNING * * *
Edmund hits you but does no damage.
You feel drained. The kobold hits you but does no damage.
The kobold completely misses you.
Unknown command.
Okay, then.
You smack Edmund!
Edmund is moderately wounded.
You feel sick. The adder bites you.
* * * LOW HITPOINT WARNING * * *
Edmund hits you but does no damage.
You feel drained.
The kobold hits you but does no damage. x2
The adder bites you but does no damage.
You smack Edmund!
Edmund is heavily wounded.
* * * LOW HITPOINT WARNING * * *
You feel sick. The adder bites you but does no damage.
The kobold barely misses you.
The shadow imp picks up a beetle and eats it.
Edmund hits you but does no damage.
You feel drained. The kobold hits you but does no damage.
You smack Edmund!
Edmund is severely wounded.
* * * LOW HITPOINT WARNING * * *
You feel sick. The adder bites you but does no damage.
Edmund hits you but does no damage.
You feel drained. The kobold hits you with a +0 whip.
You die...

#...####.....##..#
#.#......##.#. #...#
#.........###.#...........
#...#
#.....#...................
#...#
,....##..###.##.###....#.
#...# .........∩......
....... #...#**
....##....#.#...# ... , **
$...##...##....* + * , ,
..............# * *
......K♣K.....+ ∩ , , **
..#.###@S####.# * * , ....


,KKJK. ,. *+** * ..#**##5o##.# , , , ,.. #..# # , ,...., ,, ** * ,...., , ,
..... ,,, ,,, , , , * <* You could see Edmund, a jelly, an adder, a shadow imp,
an orc and 5 kobolds.

Vanquished Creatures
  An ice beast (D:5)
  A sky beast (D:6)
  A black bear (D:5)
  An ogre (D:6)
  A centaur (D:5)
  A kobold brigand (D:6)
  A phantom (D:4)
  3 elf zombies (Ossuary)
  2 bullfrogs (Sewer)
  A scorpion (D:4)
  A hound (D:5)
  An iguana (D:5)
  A sleepcap (D:6)
  An orc wizard (D:5)
  3 mummies
  9 adders
  A river rat (D:6)
  A shadow imp (D:5)
  2 white imps (D:6)
  An ufetubus (D:4)
  A dart slug (D:3)
  6 orcs
  6 bats
  5 endoplasms
  7 giant cockroaches
  5 goblins
  5 hobgoblins
  4 jackals (D:3)
  4 kobolds
  8 quokkas
  15 ball pythons
  11 frilled lizards
  5 goblin zombies
  7 hobgoblin zombies
  An orc zombie (Ossuary)
  4 rats
128 creatures vanquished.

Notes
Turn   | Place    | Note
-------+----------+-------------------------------------------
     0 | D:1      | lunkers the Meteoran Shapeshifter began the quest for the
                  | Orb.
     0 | D:1      | Reached XP level 1. HP: 16/16 MP: 2/2
   145 | D:1      | Reached XP level 2. HP: 19/23 MP: 3/3
   159 | D:1      | Found Dokha's Armour Shop.
   164 | D:1      | Reached skill level 4 in Unarmed Combat
   328 | D:1      | Found a faded altar of an unknown god.
   340 | D:1      | Got a foxed book
   484 | D:2      | Reached XP level 3. HP: 16/28 MP: 4/4
   664 | D:3      | Reached XP level 4. HP: 22/35 MP: 5/5
   683 | D:3      | Reached skill level 5 in Unarmed Combat
  1000 | D:4      | Reached XP level 5. HP: 29/40 MP: 6/6
  1031 | D:4      | Reached skill level 6 in Unarmed Combat
  1159 | D:4      | Reached XP level 6. HP: 36/47 MP: 7/7
  1386 | D:4      | Reached skill level 5 in Shapeshifting
  1393 | D:5      | Entered Level 5 of the Dungeon
  1393 | D:5      | Noticed a centaur
  1393 | D:5      | Noticed an ice beast
  1413 | D:5      | Killed a centaur
  1414 | D:5      | Reached skill level 7 in Unarmed Combat
  1414 | D:5      | Reached XP level 7. HP: 32/52 MP: 8/8
  1602 | D:5      | Reached skill level 8 in Unarmed Combat
  1671 | D:5      | Reached XP level 8. HP: 40/59 MP: 9/9
  1790 | D:5      | Found a white marble altar of Elyvilon.
  1883 | D:6      | Reached skill level 9 in Unarmed Combat
  1910 | D:6      | Found a sand-covered staircase.
  1915 | Ossuary  | Entered an ossuary
  2095 | D:6      | Found a glowing drain.
  2099 | Sewer    | Entered a sewer
  2213 | Sewer    | Gained mutation: You passively map the area around you.
                  | [Meteoran growth]
  2213 | Sewer    | Reached XP level 9. HP: 49/68 MP: 10/10
  2365 | D:6      | Found Tuwiwnotemp's Weapon Emporium.
  2373 | D:6      | Noticed Edmund
  2377 | D:6      | Reached skill level 10 in Unarmed Combat
  2380 | D:6      | HP: 5/100 [poisoned by a kobold brigand (curare-tipped
                  | dart)]
  2381 | D:6      | HP: 2/99 [poisoned by a kobold brigand (curare-tipped
                  | dart)]
  2382 | D:6      | Slain by a kobold

Illustrated notes

Levels and vault maps discovered:
D:1:      mrwooster_arrival_statue, layout_loops_ring, serial_shops, shop,
          shapermc_ecumenical_altar_rom_forum
D:2:      layout_rooms, serial_glass, glass_columns_b, glass_columns_a,
          glass_columns_a, glass_columns_b, glass_columns_a, glass_columns_b,
          glass_columns_b, glass_columns_a, glass_columns_a, glass_columns_a,
          minmay_shallow_snake_nest
D:3:      layout_basic, serial_corexii_hall, corexii_hall_statues_i,
          corexii_hall_statues_l, serial_shops, shop, st_stairs_1
D:4:      layout_loops_corners, uniq_eustachio
D:5:      layout_basic, elyvilon_altar_3
D:6:      old_forge, layout_basic, chequers_temple_overflow_statue_of_worship,
          minmay_temple_entry_grid, gup_sewer_entry_bowl, serial_shops,
          nicolae_shop_real_fake_doors, shop, shop, nicolae_shop_behind_doors,
          shop, nicolae_ossuary_entry_giza, uniq_edmund

Skill      XL: |  1  2  3  4  5  6  7  8  9 |
---------------+----------------------------+-----
Unarmed Combat | 4 5 6 7 8 9 10 | 10.0
Shapeshifting  | 4 5 6 7 |  7.1
Fighting       | 2 |  2.8
Dodging        | 3 |  3.4

Action                     |  1- 3 |  4- 6 |  7- 9 || total
---------------------------+-------+-------+-------++-------
  Melee: Unarmed           |    91 |   108 |   155 ||   354
         Punch             |     1 |       |     1 ||     2
         Constrict         |       |       |    28 ||    28
    Use: Scroll            |       |       |     7 ||     7
         Potion            |       |       |     1 ||     1
 Armour: Animal skin       |     9 |       |       ||     9
         Ring mail         |    27 |    81 |    31 ||   139
         Skin              |       |       |    78 ||    78
  Dodge: Dodged            |    60 |    75 |    68 ||   203
   Form: Flux              |     1 |       |       ||     1
         Anaconda          |       |       |     1 ||     1

Table legend: (Time is in decaauts)
 A = Elapsed time spent in this place.
 B = Non-inter-level travel time spent in this place.
 C = Inter-level travel time spent in this place.
 D = Time resting spent in this place.
 E = Time spent auto-exploring this place.
 F = Levels seen in this place.
 G = Mean time per level.
                   A        B        C        D        E       F      G
               +--------+--------+--------+--------+--------+-----+--------+
         Total |   2342 |   2257 |     85 |      0 |   1415 |   8 |  292.8 |
       Dungeon |   2039 |   1954 |     85 |      0 |   1283 |   6 |  339.8 |
         Sewer |    193 |    193 |      0 |      0 |     76 |   1 |  193.0 |
       Ossuary |    109 |    109 |      0 |      0 |     56 |   1 |  109.0 |
               +--------+--------+--------+--------+--------+-----+--------+

Top non-repeatable levels by time:
     D:5: 464 daAuts
     D:1: 421 daAuts
     D:4: 406 daAuts
     D:3: 318 daAuts
     D:2: 229 daAuts
     D:6: 200 daAuts
   Sewer: 193 daAuts
 Ossuary: 109 daAuts
